 Dungeon Crawl Stone Soup version 0.29-a0-1016-g236c7fd91e (webtiles) character file.

Game seed: 17273363527680987615

109 nickcage the Cudgeller (level 5, -1/38 HPs)
             Began as a Formicid Gladiator on Aug 9, 2022.
             Succumbed to a scorpion's poison
             ... on level 4 of the Dungeon.
             The game lasted 00:05:27 (3625 turns).

nickcage the Cudgeller (Formicid Gladiator)         Turns: 3625, Time: 00:05:27

Health: -1/38      AC:  4    Str: 21    XL:     5   Next: 13%
Magic:  5/5        EV: 12    Int:  7    God:
Gold:   89         SH:  0    Dex: 15    Spells: 4/4 levels left

rFire   . . .      SeeInvis +   a - +1 flail
rCold   . . .      Faith    .   (no shield)
rNeg    . . .      Spirit   .   b - +1 leather armour
rPois   .          Reflect  .   (helmet unavailable)
rElec   .          Harm     .   (no cloak)
rCorr   .          Rampage  .   (no gloves)
Will    .....                   (no boots)
Stlth   +.........              (no amulet)
HPRegen 0.12/turn               (no ring)
MPRegen 0.09/turn               (no ring)

@: lethally poisoned (-1 -> -9)
A: permanent stasis, dig shafts and tunnels, antennae 3, four strong arms
a: Dig, Shaft Self


You were on level 4 of the Dungeon.
You visited 1 branch of the dungeon, and saw 4 of its levels.

You collected 89 gold pieces.

Inventory:

Hand Weapons
 a - a +1 flail (weapon)
Missiles
 c - 3 throwing nets
 d - a javelin
 f - 4 poisoned darts (quivered)
Armour
 b - a +1 leather armour (worn)
Scrolls
 m - 2 scrolls of identify
 n - a scroll of enchant armour
Potions
 e - a potion of magic {unknown}
 g - 4 potions of heal wounds
 h - a potion of berserk rage {unknown}
 i - a potion of haste {unknown}
 k - a potion of degeneration {unknown}
 l - a potion of lignification {unknown}


   Skills:
 - Level 2.1 Fighting
 + Level 5.4 Maces & Flails
 - Level 2.0 Throwing
 - Level 2.6 Dodging


You had 4 spell levels left.
You didn't know any spells.
Your spell library contained the following spells:

 Spells                   Type           Power      Damage    Failure   Level
 Apportation              Tloc           0%         N/A       47%         1
 Magic Dart               Conj           0%         1d3       47%         1
 Necrotise                Necr           0%         1d4       47%         1
 Summon Small Mammal      Summ           0%         N/A       47%         1
 Call Imp                 Summ           0%         N/A       63%         2
 Gell's Gravitas          Tloc           0%         N/A       85%         3
 Lesser Beckoning         Tloc           0%         N/A       85%         3
 Mephitic Cloud           Conj/Pois/Air  0%         N/A       85%         3
 Teleport Other           Tloc           0%         N/A       85%         3


Dungeon Overview and Level Annotations

Branches:
Dungeon (4/15)
 Temple: D:4-7

Altars:


Innate Abilities, Weirdness & Mutations

You cannot be hasted, slowed, berserked, paralysed or teleported.
You can dig through walls and to a lower floor.
You have a pair of large antennae on your head. (SInv)
Your four strong arms can wield two-handed weapons with a shield.


Message History

You hit the scorpion. Your punch misses the scorpion.
The scorpion is heavily wounded.
The scorpion closely misses you.
You closely miss the scorpion.
The scorpion is heavily wounded.
The scorpion stings you.
You are poisoned.
The scorpion poisons you!
You hit the scorpion but do no damage.
The scorpion is heavily wounded.
You feel very sick.
The scorpion stings you but does no damage.
The scorpion barely misses you.
You hit the scorpion.
The scorpion is severely wounded.
You feel sick. The scorpion stings you.
You are too injured to fight recklessly!
You are too injured to fight recklessly!
You are too injured to fight recklessly!
You are too injured to fight recklessly!
You hit the scorpion.
The scorpion is severely wounded.
You feel sick. The scorpion stings you.
* * * LOW HITPOINT WARNING * * *
You are lethally poisoned!
The scorpion poisons you!
You hit the scorpion.
The scorpion is almost dead.
* * * LOW HITPOINT WARNING * * *
You feel very sick. The scorpion misses you. The scorpion stings you.
* * * LOW HITPOINT WARNING * * *
You barely miss the scorpion.
The scorpion is almost dead.
* * * LOW HITPOINT WARNING * * *
You feel very sick. The scorpion barely misses you.
You hit the scorpion but do no damage.
The scorpion is almost dead.
You die...

### . #.#
..# #.## ..
#..
###.##.###
#.#......@.#
......##.#s#
.#....<.#.#
#.##.#.#..
###.#### ...
..## ####


You could see a scorpion.

Vanquished Creatures
  4 adders
  4 dart slugs
  2 orcs (D:3)
  6 endoplasms
  5 giant cockroaches
  5 goblins
  5 hobgoblins
  A jackal (D:2)
  3 kobolds
  4 quokkas
  9 ball pythons
  7 bats
  3 frilled lizards
  A rat (D:2)
59 creatures vanquished.

Notes
Turn   | Place    | Note
-------+----------+-------------------------------------------
     0 | D:1      | nickcage the Formicid Gladiator began the quest for the
                  | Orb.
     0 | D:1      | Reached XP level 1. HP: 16/16 MP: 1/1
   277 | D:1      | Reached XP level 2. HP: 4/22 MP: 2/2
  1337 | D:1      | Reached skill level 4 in Maces & Flails
  1337 | D:1      | Reached XP level 3. HP: 27/27 MP: 3/3
  1751 | D:2      | Found a faded altar of an unknown god.
  1970 | D:2      | Reached XP level 4. HP: 33/33 MP: 4/4
  2305 | D:2      | Reached skill level 5 in Maces & Flails
  3209 | D:3      | Reached XP level 5. HP: 38/38 MP: 5/5
  3624 | D:4      | HP: 1/38 [poisoned by a scorpion]
  3625 | D:4      | Succumbed to a scorpion's poison

Illustrated notes

Levels and vault maps discovered:
D:1:      saegor_arrival_fortress, layout_basic, minivault_23,
          ebering_dispersal_statue_hall, minmay_octomino_e4
D:2:      minmay_evil_eye, layout_basic, basic_ecumenical_altar
D:3:      layout_basic
D:4:      layout_basic, minmay_temple_entry_statues_pillars

Skill      XL: |  1  2  3  4 |
---------------+-------------+-----
Maces & Flails | 4 5 |  5.4
Fighting       | |  2.1
Throwing       | |  2.0
Dodging        | |  2.6

Action                   |  1- 3 |  4- 6 || total
-------------------------+-------+-------++-------
Melee: Flail             |    92 |    71 ||   163
  Use: Scroll            |     2 |     6 ||     8
 Stab: Sleeping          |       |     1 ||     1
Armor: Leather armour    |    36 |    24 ||    60
Dodge: Dodged            |    65 |    46 ||   111

Table legend: (Time is in decaauts)
 A = Elapsed time spent in this place.
 B = Non-inter-level travel time spent in this place.
 C = Inter-level travel time spent in this place.
 D = Time resting spent in this place.
 E = Time spent auto-exploring this place.
 F = Levels seen in this place.
 G = Mean time per level.
                   A        B        C        D        E       F      G
               +--------+--------+--------+--------+--------+-----+--------+
         Total |   3654 |   3569 |     85 |    255 |   2885 |   4 |  913.5 |
       Dungeon |   3654 |   3569 |     85 |    255 |   2885 |   4 |  913.5 |
               +--------+--------+--------+--------+--------+-----+--------+

Top non-repeatable levels by time:
     D:1: 1528 daAuts
     D:2: 1094 daAuts
     D:3: 1015 daAuts
     D:4: 16 daAuts
